 Dungeon Crawl Stone Soup version 0.32-a0-933-ga8fa3634e4 (webtiles) character file.

Game seed: 9754949678009306642

5074 Aldia the Slicer (level 10, -1/51 HPs)
             Began as a Vine Stalker Brigand on Apr 14, 2024.
             Was a High Priest of Uskayaw.
             Succumbed to Erica's bolt of poison
             ... while paralysed by Erica
             ... on level 8 of the Dungeon.
             The game lasted 00:15:04 (6748 turns).

Aldia the Slicer (Vine Stalker Brigand)             Turns: 6748, Time: 00:15:04

Health: -1/51      AC: 23    Str: 21    XL:     10   Next: 56%
Magic:  6/23       EV:  2    Int: 11    God:    Uskayaw [*****.]
Gold:   366        SH:  0    Dex: 22    Spells: 7/9 levels left

rFire   . . .        F - +4 dagger "Miruri Mimu" {distort, Dex+3}
rCold   . . .        f - +0 buckler {AC+3}
rNeg    . . .        t - +1 crystal plate armour
rPois   .            y - +0 helmet {SInv}
rElec   .            a - +0 cloak
rCorr   .            (no gloves)
SInv    +            D - +0 pair of boots
Will    +....        (no amulet) Stlth
                     m - +6 ring of strength
HPRegen 1.08/turn    q - ring of magical power
MPRegen 0.18/turn

%: guardian spirit
@: paralysed, lethally poisoned (-1 -> -9), slowed
A: fangs 3, regeneration 1, magic shield, antimagic bite, no potion heal 2
a: Renounce Religion, Stomp, Line Pass, Grand Finale


You were on level 8 of the Dungeon.
You worshipped Uskayaw.
Uskayaw was noncommittal.
You visited 2 branches of the dungeon, and saw 9 of its levels.
You also visited: Bailey.

You collected 554 gold pieces.
You spent 188 gold pieces at shops.

Inventory:

Hand Weapons
 C - a +2 dagger of draining
 E - a +3 dagger
 F - the +4 dagger "Miruri Mimu" (weapon) {distort, Dex+3}
   (You found it on level 6 of the Dungeon)

   Dex+3:     It affects your dexterity (+3).
Missiles
 d - 14 poisoned darts
 e - 3 curare-tipped darts (quivered)
 z - a throwing net
 A - 5 atropa-tipped darts
Armour
 a - a +0 cloak (worn)
 f - a +0 buckler of protection (worn)
 h - a +0 scale mail
 i - a +0 leather armour
 k - a +2 leather armour of positive energy
 t - a +1 crystal plate armour (worn)
 u - a +0 ring mail
 y - a +0 helmet of see invisible (worn)
 D - a +0 pair of boots (worn)
Jewellery
 m - a +6 ring of strength (left hand)
 n - a ring of flight
 q - a ring of magical power (right hand)
Wands
 b - a wand of digging (2)
 c - a wand of warping (10)
Scrolls
 j - a scroll of vulnerability
 l - 4 scrolls of blinking
 p - 2 scrolls of torment
 r - 2 scrolls of fear
 B - a scroll of butterflies
Potions
 g - 2 potions of might
 o - a potion of attraction
 s - 2 potions of haste
 v - a potion of curing
 w - 2 potions of magic
 x - a potion of lignification
 G - 2 potions of resistance
 H - 2 potions of brilliance
 I - a potion of mutation


   Skills:
 - Level 5.3 Fighting
 + Level 9.4 Short Blades
 - Level 1.7 Throwing
 + Level 2.6 Armour
 - Level 4.6 Dodging
 - Level 5.0 Stealth
 - Level 4.0 Shields
 - Level 3.6 Translocations
 + Level 4.5 Invocations


You had 7 spell levels left.
You knew the following spells:

 Your Spells              Type           Power      Damage    Failure   Level
a - Blink                 Tloc           14%        N/A       100%        2

Your spell library contained the following spells:

 Spells                   Type           Power      Damage    Failure   Level
 Foxfire                  Conj/Fire      0%         2x1d4     100%        1
 Magic Dart               Conj           0%         1d3       100%        1
 Slow                     Hex            0%         N/A       100%        1
 Call Imp                 Summ           0%         N/A       100%        2
 Sublimation of Blood     Necr           0%         N/A       100%        2
 Confusing Touch          Hex            0%         N/A       100%        3
 Dazzling Flash           Conj/Hex       0%         N/A       100%        3
 Mephitic Cloud           Conj/Alch/Air  0%         N/A       100%        3
 Tukima's Dance           Hex            0%         N/A       100%        3
 Vampiric Draining        Necr           0%         2d6       100%        3
 Passage of Golubria      Tloc           7%         N/A       100%        4
 Petrify                  Alch/Erth      0%         N/A       100%        4
 Curse of Agony           Necr           0%         N/A       100%        5
 Irradiate                Conj/Alch      0%         3d11      100%        5
 Silence                  Hex/Air        0%         N/A       100%        5
 Yara's Violent Unravell  Hex/Alch       0%         3d3       100%        5
 Plasma Beam              Fire/Air       0%         2x1d10    100%        6
 Starburst                Conj/Fire      0%         6d3       100%        6


Dungeon Overview and Level Annotations

Branches:
Dungeon (8/15)             Temple (1/1) D:6            Lair (0/5) D:8
 Bailey (visited)

Altars:
Ashenzari
Cheibriados
Dithmenos
Elyvilon
Fedhas
Gozag
Hepliaklqana
Kikubaaqudgha
Makhleb
Nemelex Xobeh
Okawaru
Qazlal
Ru
Sif Muna
Trog
Uskayaw
Vehumet
Wu Jian
Xom
Yredelemnul
Zin
The Shining One

Shops:
D:6 *   D:8 (

Annotations:
D:8 Erica
Abyss:1 Sigmund


Innate Abilities, Weirdness & Mutations

You have razor-sharp teeth.
Your natural rate of healing is unusually fast.
When hurt, damage is shared between your health and your magic reserves.
Your bite disrupts and absorbs the magic of your enemies.
Potions cannot restore your health.


Message History

* * * LOW HITPOINT WARNING * * *
You hit the yak.
You kill the yak!
You bite the yak!
You kill the yak!
Unknown command.
You completely miss the yak.
The yak is moderately wounded.
The yak is no longer sharing its pain. x2; You block the yak's attack.
Erica stares at you and mumbles some strange words.
You feel yourself slow down.
Okay, then.
You hit the yak.
The yak is heavily wounded.
The yak blinks!
The yak barely misses you.
Erica stares at you and mumbles some strange words.
You resist with some effort.
You can now merge with and destroy a victim.
You hit the yak.
Space warps around the yak.
The yak is severely wounded.
The yak gores you.
You closely miss the yak. You bite the yak! You drain its power.
You feel invigorated.
The yak is almost dead.
Erica casts a spell.
Erica flickers and vanishes for a moment.
You hit the yak.
You kill the yak!
Erica zaps a wand.
You suddenly lose the ability to move!
The yak gores you. Erica casts a spell at you. The bolt of poison hits you!!
You are poisoned.
* * * LOW HITPOINT WARNING * * *
The yak gores you but does no damage.
* * * LOW HITPOINT WARNING * * *
You feel very sick.
Erica screams, "Your blood will spurt and your skin will burst!"
The yak gores you but does no damage.
You die...
Your body falls in perfect tune with the rhythm.

*** #.##########.#,,,,*
*<* #.# *,#,**,* *,*
#.# *,*,**,* *,* #(#
*,*,**,* *,* #x#
*,*,**,** *,* #.#
*,*,**,,, *,* #.#
*,*,***** *,*
#.#########*,*,* *,*
#.x@Y.)....,,*,*
*,*****###########***,*
*,,,,,,,,,,,,,,,,,,,,,*
***********************


You could see Erica (invisible) and a yak.

Vanquished Creatures
  A rime drake (D:8)
  Grinder (D:4)
  A wyvern (D:8)
  4 yaks (D:8)
  Eustachio (D:6)
  A steam dragon (D:6)
  Menkaure (D:7)
  4 water moccasins
  4 orc warriors (Bailey)
  3 ice beasts (D:8)
  2 black bears
  A tengu (Bailey)
  2 wolves
  2 centaurs (D:6)
  A phantom (D:5)
  A kobold brigand (D:8)
  A bullfrog (D:6)
  A gnoll sergeant (D:6)
  2 scorpions
  2 howler monkeys
  3 bombardier beetles
  Crazy Yiuf (D:6)
  4 jellies
  A quasit (D:5)
  2 orc priests (D:6)
  5 hounds
  5 orc wizards
  2 iguanas
  8 gnolls
  5 adders
  3 shadow imps (D:5)
  6 white imps
  An ufetubus (D:5)
  3 dart slugs
  4 ribbon worms
  35 orcs
  9 ball pythons
  6 bats
  7 endoplasms
  2 giant cockroaches (D:1)
  9 goblins
  11 hobgoblins
  4 jackals (D:2)
  6 quokkas
  14 kobolds
  4 rats
196 creatures vanquished.

Notes
Turn   | Place    | Note
-------+----------+-------------------------------------------
     0 | D:1      | Aldia the Vine Stalker Brigand began the quest for the Orb.
     0 | D:1      | Reached XP level 1. HP: 11/11 MP: 2/2
   143 | D:1      | Reached skill level 2 in Short Blades
   200 | D:1      | Reached skill level 1 in Dodging
   222 | D:1      | Reached XP level 2. HP: 15/15 MP: 3/3
   527 | D:1      | Reached XP level 3. HP: 18/18 MP: 4/4
   530 | D:1      | Learned a level 2 spell: Blink
   890 | D:2      | You fall into a shaft and drop 1 floor!
   926 | D:3      | Reached skill level 1 in Shields
   926 | D:3      | Reached XP level 4. HP: 19/23 MP: 5/5
  1223 | D:2      | Reached skill level 3 in Short Blades
  1765 | D:3      | Found a burning altar of Makhleb.
  1971 | D:3      | Found a snail-covered altar of Cheibriados.
  2594 | D:4      | Noticed a black bear
  2601 | D:4      | Killed a black bear
  2602 | D:4      | Reached XP level 5. HP: 27/27 MP: 6/6
  2660 | D:4      | Noticed Sigmund
  2680 | D:4      | Banished Sigmund
  2681 | D:4      | Reached skill level 4 in Short Blades
  2681 | D:4      | Reached XP level 6. HP: 14/32 MP: 7/7
  2740 | D:4      | Reached XP level 7. HP: 12/35 MP: 5/8
  2912 | D:4      | Reached skill level 5 in Short Blades
  3028 | D:4      | Found a blossoming altar of Fedhas.
  3028 | D:4      | Found a shimmering blue altar of Sif Muna.
  3122 | D:4      | Noticed Grinder
  3134 | D:4      | Killed Grinder
  3391 | D:5      | Entered Level 5 of the Dungeon
  3482 | D:5      | Gained mutation: You have razor-sharp teeth. [Vine Stalker
                  | growth]
  3482 | D:5      | Reached XP level 8. HP: 35/39 MP: 9/9
  3523 | D:5      | Reached skill level 6 in Short Blades
  3523 | D:5      | Reached skill level 5 in Stealth
  4717 | D:6      | Reached skill level 1 in Translocations
  4718 | D:6      | Reached skill level 7 in Short Blades
  4754 | D:6      | Noticed Eustachio
  4760 | D:6      | Identified the +4 dagger "Miruri Mimu" {distort, Dex+3}
  4776 | D:6      | Killed Eustachio
  4777 | D:6      | Reached XP level 9. HP: 45/45 MP: 10/10
  4876 | D:6      | Found an ornate altar of the Wu Jian Council.
  4927 | D:6      | Found a staircase to the Ecumenical Temple.
  4937 | Temple   | Entered the Ecumenical Temple
  4968 | Temple   | Became a worshipper of Uskayaw the Reveller
  5002 | D:6      | Reached * piety under Uskayaw
  5012 | D:6      | Reached ** piety under Uskayaw
  5141 | D:6      | Reached *** piety under Uskayaw
  5196 | D:6      | Found Faijof's Assorted Antiques.
  5204 | D:6      | Bought a scroll labelled OZOANA AMESKE for 32 gold pieces
  5204 | D:6      | Bought a scroll of identify for 64 gold pieces
  5204 | D:6      | Bought a puce potion for 28 gold pieces
  5204 | D:6      | Bought a scroll of identify for 64 gold pieces
  5282 | D:6      | Found a runed translucent door.
  5282 | D:6      | Identified the +10 hammer of Tiforut {freeze, rC+ Str+4}
  5283 | D:6      | Noticed Crazy Yiuf
  5290 | D:6      | Killed Crazy Yiuf
  5380 | D:7      | Noticed Menkaure
  5390 | D:7      | Killed Menkaure
  5395 | D:7      | Reached **** piety under Uskayaw
  5396 | D:7      | Reached skill level 8 in Short Blades
  5396 | D:7      | Reached skill level 1 in Invocations
  5826 | D:8      | Found a flagged portal.
  5843 | Bailey   | Entered a bailey
  5973 | Bailey   | Reached skill level 5 in Fighting
  6167 | Bailey   | Reached XP level 10. HP: 51/51 MP: 12/12
  6326 | D:7      | Upgraded the game from 0.32-a0-931-g5a2cda0630 to
                  | 0.32-a0-933-ga8fa3634e4
  6388 | D:8      | Found a staircase to the Lair.
  6394 | D:8      | Reached skill level 9 in Short Blades
  6394 | D:8      | Reached skill level 1 in Armour
  6412 | D:8      | Reached ***** piety under Uskayaw
  6657 | D:8      | Found Bext's Weapon Boutique.
  6722 | D:8      | Noticed Erica
  6729 | D:8      | Paralysed by Erica for 3 turns
  6745 | D:8      | Paralysed by Erica for 4 turns
  6747 | D:8      | HP: 2/51 [poisoned by Erica (bolt of poison)]
  6748 | D:8      | Succumbed to Erica's bolt of poison

Illustrated notes

Levels and vault maps discovered:
D:1:      tarquinn_simple_flora_water_b, layout_loops_ring, minmay_tripent
D:2:      layout_basic, serial_bayou, serial_bayou_shore_a,
          serial_bayou_lagoon_b, serial_bayou_pond_e, serial_bayou_crossing,
          hangedman_decor_clover_reticule, minmay_misc_feat_ornament
D:3:      layout_basic, general_overflow_altar, mainiacjoe_overflow_brackets,
          st_stairs_1
D:4:      layout_basic, gammafunk_temple_overflow_elements,
          minmay_goblin_kobold_house, uniq_grinder, uniq_sigmund
D:5:      layout_layer_cave, serial_demonic, serial_demonic_e, serial_demonic_d,
          serial_demonic_c, serial_demonic_e, grunt_ministairs_3, moated_statue
D:6:      layout_cave_pools, old_standard_altar, minmay_temple_entry_crystal_x,
          serial_shops, nicolae_shop_tiny_waterfront, uniq_eustachio,
          uniq_crazy_yiuf_cottage
D:7:      layout_basic, uniq_menkaure
D:8:      layout_basic, hellmonk_lair_entry_icy, serial_shops,
          nicolae_shop_peninsula, enter_bailey_4, uniq_erica
Temple:   nicolae_temple_bog_church

Skill      XL: |  1  2  3  4  5  6  7  8  9 10 |
---------------+-------------------------------+-----
Short Blades   | 2 3 4 5 7 8 9 |  9.4
Dodging        | 1 2 3 4 |  4.6
Fighting       | 2 4 5 |  5.3
Shields        | 1 2 3 4 |  4.0
Stealth        | 5 |  5.0
Translocations | 2 3 |  3.6
Invocations    | 2 4 |  4.5
Armour         | 2 |  2.6
Throwing       | |  1.7

Action                     |  1- 3 |  4- 6 |  7- 9 | 10-12 || total
---------------------------+-------+-------+-------+-------++-------
  Melee: Short sword       |    50 |    75 |   163 |       ||   288
         Bite              |     8 |    17 |    84 |    29 ||   138
         Dagger            |     1 |       |   170 |    80 ||   251
  Throw: Dart              |       |       |       |     1 ||     1
  Evoke: Wand              |       |       |     6 |       ||     6
    Use: Scroll            |     2 |     2 |    12 |       ||    16
         Potion            |       |       |     3 |     1 ||     4
   Stab: Sleeping          |     8 |    13 |    10 |     1 ||    32
         Paralysed         |       |       |     2 |     3 ||     5
 Armour: Robe              |    30 |    32 |    80 |       ||   142
         Leather armour    |       |       |    58 |       ||    58
         Crystal plate arm |       |       |       |    50 ||    50
  Dodge: Dodged            |    12 |    27 |   164 |    12 ||   215
  Block: Buckler           |     4 |    10 |    82 |    19 ||   115

Table legend: (Time is in decaauts)
 A = Elapsed time spent in this place.
 B = Non-inter-level travel time spent in this place.
 C = Inter-level travel time spent in this place.
 D = Time resting spent in this place.
 E = Time spent auto-exploring this place.
 F = Levels seen in this place.
 G = Mean time per level.
                   A        B        C        D        E       F      G
               +--------+--------+--------+--------+--------+-----+--------+
         Total |   6638 |   6309 |    329 |     42 |   4702 |  10 |  663.8 |
       Dungeon |   6188 |   5875 |    313 |     33 |   4540 |   8 |  773.5 |
        Temple |     49 |     33 |     16 |      0 |      0 |   1 |   49.0 |
        Bailey |    400 |    400 |      0 |      9 |    162 |   1 |  400.0 |
               +--------+--------+--------+--------+--------+-----+--------+

Top non-repeatable levels by time:
     D:5: 1267 daAuts
     D:3: 960 daAuts
     D:2: 901 daAuts
     D:1: 773 daAuts
     D:4: 757 daAuts
     D:6: 617 daAuts
     D:8: 465 daAuts
     D:7: 444 daAuts
  Bailey: 400 daAuts
  Temple: 49 daAuts
